Map: Templo óseo EE

Players

MrFercho

  • Race: Zerg Zerg
  • League: Silver
  • Spawn Location: 7:00

tigro

  • Race: Terran Terran
  • League: Bronze
  • Spawn Location: 7:00

TATORREA

  • Race: Protoss Protoss
  • League: Silver
  • Spawn Location: 6:00

Stuke - Winner!

  • Race: Protoss Protoss
  • League: Platinum
  • Spawn Location: 12:00

finessipov - Winner!

  • Race: Terran Terran
  • League: Platinum
  • Spawn Location: 1:00

suhpreme - Winner!

  • Race: Zerg Zerg
  • Spawn Location: 3:00

VOD

Have the link to the VOD?

Description

Time

  • Played on: May 22, 2020, 9:22 p.m.
  • Length: 16:24
Show
View Real Time Build Order
Export as new Build Order

MrFercho Zerg 

Build Orders: Pool First 

Get SALT Encoding   

  12  0:02  Drone  
  13  0:13  Overlord  
  13  0:28  Overlord  
  13  0:34  Drone x2  
  15  0:41  Drone  
  16  1:04  Drone  
  16  1:05  Drone  
  16  1:10  Extractor  
  17  1:12  Drone  
  17  1:13  Spawning Pool  
  17  1:14  Extractor  
  16  1:25  Drone  
  17  1:35  Drone  
  18  1:51  Hatchery  
  17  2:10  Zergling x6  
  20  2:17  Queen  
  22  2:25  Drone  
  23  2:31  Metabolic Boost  
  23  3:02  Spine Crawler  
  23  3:04  Queen  
  24  3:07  Drone x4  
  28  3:18  Drone x2  
  30  3:24  Lair  
  30  3:25  Drone  
  31  3:32  Evolution Chamber  
  30  3:37  Drone x2  
  32  3:43  Extractor  
  32  3:46  Overlord  
  32  3:47  Extractor  
  30  4:03  Spore Crawler  
  30  4:08  Zerg Ground Armor Level 1  
  29  4:14  Zergling x6  
  29  4:15  Zergling x2  
  33  4:22  Zergling x4  
  35  4:29  Drone x2  
  33  5:59  Drone x11  
  33  6:00  Overlord  
  44  6:05  Zerg Missile Weapons Level 1  
  44  6:10  Infestation Pit  
  43  6:18  Hydralisk Den  
  42  6:24  Overlord x5  
  41  7:28  Hatchery  
  40  7:30  Hydralisk  
  40  7:31  Hydralisk x7  
  56  7:39  Unknown  
  56  7:43  Grooved Spines  
  56  8:05  Evolution Chamber  
  55  8:32  Zerg Missile Weapons Level 2  
  55  8:43  Drone x2  
  55  8:44  Overlord x3, Drone  
  55  8:46  Drone  
  59  8:52  Queen  
  60  9:06  Hydralisk  
  60  9:07  Hydralisk x5  
  72  9:15  Zerg Ground Armor Level 2  
  72  9:17  Hive  
  72  9:24  Spire  
  71  9:41  Hydralisk  
  71  9:42  Hydralisk x5  
  83  10:06  Pathogen Glands  
  83  10:10  Hydralisk  
  83  10:11  Hydralisk x5  
  95  10:28  Spore Crawler  
  95  10:31  Drone  
  95  10:32  Drone x2  
  97  10:38  Spore Crawler  
  96  10:48  Zerg Melee Weapons Level 1, Hydralisk  
  96  10:49  Hydralisk x5  
  99  11:18  Drone x3  
  100  11:19  Drone x8  
  110  11:28  Greater Spire  
  110  11:34  Muscular Augments  
  106  12:26  Hydralisk  
  106  12:27  Hydralisk x3  
  50  13:02  Hydralisk x9  
  68  13:13  Zerg Missile Weapons Level 3  
  68  13:18  Adrenal Glands  
  42  14:21  Hydralisk x5  
  42  14:22  Hydralisk x8  
  63  15:08  Overlord x3  
  63  15:09  Overlord x5  
  63  15:32  Hydralisk  
  63  15:33  Hydralisk x3  
Show
View Real Time Build Order
Export as new Build Order

tigro Terran 

Build Orders:  

Get SALT Encoding   

  12  0:03  SCV  
  13  0:15  SCV  
  14  0:25  Supply Depot  
  14  0:27  SCV  
  15  0:35  Refinery  
  15  0:47  SCV  
  16  0:59  SCV  
  16  1:01  Barracks  
  17  1:11  SCV  
  17  1:16  Supply Depot  
  18  1:23  SCV  
  19  2:26  Marine  
  20  2:43  Refinery  
  20  2:44  Marine  
  21  2:54  Barracks  
  21  2:57  SCV  
  22  3:01  Marine  
  23  3:09  SCV  
  24  3:14  Engineering Bay  
  24  3:19  Marine  
  25  3:21  SCV  
  26  3:33  SCV  
  27  3:37  Marine  
  28  3:43  Barracks Tech Lab  
  28  3:45  SCV  
  28  3:46  Factory  
  29  3:49  Terran Infantry Weapons Level 1  
  29  3:59  Orbital Command  
  29  4:02  Barracks Tech Lab  
  29  4:04  Combat Shield  
  29  4:07  Marauder  
  31  4:26  Missile Turret  
  31  4:57  Missile Turret  
  31  5:09  Factory Tech Lab  
  31  5:11  Stimpack  
  31  5:23  Concussive Shells  
  31  5:30  Missile Turret  
  31  5:34  Command Center  
  31  5:41  Marine x2  
  33  5:43  Terran Infantry Armor Level 1  
  33  5:59  Marine x2  
  35  6:17  Marine  
  36  6:19  Missile Turret  
  36  6:28  SCV  
  37  6:35  Armory, Marine  
  38  6:40  Siege Tank  
  38  6:43  Missile Turret  
  41  6:47  Refinery  
  41  6:50  Planetary Fortress  
  41  6:53  Marine  
  42  7:03  Missile Turret  
  42  7:37  Neosteel Armor  
  42  7:46  SCV  
  43  7:56  Starport, Refinery  
  43  7:58  SCV  
  44  8:10  SCV  
  45  8:22  SCV  
  46  8:34  SCV  
  46  8:35  Starport  
  46  8:40  Marine  
  48  8:44  Medivac  
  48  8:47  Marine  
  51  8:54  Terran Vehicle Weapons Level 1  
  51  8:58  Marine  
  52  9:05  Marine  
  53  9:16  Marine  
  54  9:17  Hi-Sec Auto Tracking  
  54  9:23  Marine  
  55  9:24  Starport Tech Lab  
  55  9:26  Starport Tech Lab  
  55  9:34  Marine  
  55  9:36  Missile Turret  
  56  9:41  Marine  
  57  9:48  Fusion Core  
  57  9:52  Marine  
  58  9:58  Marine  
  59  10:09  Marine  
  60  10:15  Missile Turret  
  60  10:16  Marine  
  61  10:27  Marine  
  62  10:36  Missile Turret  
  62  10:37  Supply Depot  
  62  10:48  Terran Vehicle And Ship Armor Level 1  
  62  10:58  Marine x2, Siege Tank  
  62  10:59  Missile Turret  
  62  11:00  Supply Depot  
  67  11:14  Battlecruiser  
  73  11:22  Battlecruiser  
  79  11:26  Missile Turret  
  79  11:30  Missile Turret  
  79  11:42  SCV  
  80  11:54  SCV  
  81  12:06  SCV  
  82  12:18  SCV  
  83  12:30  SCV  
  83  12:31  Command Center  
  50  13:09  Weapon Refit  
  50  13:15  Marine  
  50  13:18  Marine  
  52  13:21  Battlecruiser  
  52  13:24  Battlecruiser  
  64  13:33  Marine  
  65  13:36  Marine  
  66  13:50  Marine  
  66  13:53  Marine  
  56  14:08  Marine  
  52  14:11  Marine  
  52  14:12  Missile Turret, Planetary Fortress  
  51  14:26  Marine, Battlecruiser  
  51  14:28  Battlecruiser  
  51  14:29  Marine  
  65  14:49  Rapid Reignition System  
  65  14:59  Missile Turret  
  49  15:18  Missile Turret  
  43  15:23  Marine  
  30  15:33  Missile Turret  
  36  15:38  Missile Turret  
  36  15:41  Marine  
  15  15:58  Marine  
Show
View Real Time Build Order
Export as new Build Order

TATORREA Protoss 

Build Orders:  

Get SALT Encoding   

  12  0:02  Probe  
  13  0:18  Probe  
  14  0:26  Pylon  
  14  0:30  Probe  
  15  0:44  Probe  
  16  0:56  Probe  
  17  0:58  Assimilator  
  17  1:01  Gateway  
  17  1:08  Probe  
  18  1:15  Pylon  
  18  1:20  Probe  
  19  1:48  Nexus  
  19  1:56  Cybernetics Core  
  19  2:28  Assimilator  
  19  2:30  Probe  
  19  2:34  Warp Gate  
  20  2:37  Stalker  
  20  2:42  Probe  
  23  2:54  Probe  
  24  3:00  Forge  
  24  3:04  Pylon  
  24  3:06  Probe  
  24  3:10  Probe  
  26  3:18  Probe  
  27  3:22  Probe  
  28  3:30  Probe  
  29  3:34  Probe, Stargate  
  29  3:41  Stalker  
  32  3:42  Probe  
  32  3:44  Protoss Ground Weapons Level 1  
  32  3:46  Probe  
  34  3:54  Probe  
  35  3:58  Probe  
  36  4:06  Pylon, Probe  
  37  4:10  Probe  
  37  4:16  Robotics Facility  
  38  4:19  Twilight Council  
  38  4:20  Probe  
  38  4:22  Probe  
  40  4:25  Assimilator  
  40  4:30  Stalker  
  42  4:32  Probe  
  42  4:35  Probe  
  38  4:44  Probe  
  32  4:53  Probe  
  33  5:04  Void Ray  
  33  5:05  Probe  
  38  5:16  Probe  
  38  5:17  Probe  
  40  5:28  Probe  
  40  5:29  Assimilator, Probe  
  40  5:33  Immortal  
  46  5:40  Probe  
  46  5:41  Probe  
  48  5:53  Protoss Air Weapons Level 1, Probe x2  
  50  6:05  Probe x2  
  52  6:17  Probe x2  
  54  6:25  Phoenix  
  56  6:29  Probe  
  56  6:30  Probe  
  58  6:36  Immortal  
  62  6:50  Pylon  
  62  6:53  Pylon  
  62  6:57  Pylon  
  62  7:01  Pylon  
  62  7:05  Pylon  
  62  7:08  Phoenix, Probe x2  
  64  7:16  Pylon  
  64  7:20  Probe  
  61  7:33  Phoenix  
  63  7:42  Robotics Bay  
  63  7:45  Fleet Beacon  
  63  7:48  Gateway  
  63  7:51  Gateway  
  63  7:55  Gateway  
  63  7:59  Gateway  
  63  8:02  Gateway  
  63  8:05  Gateway  
  63  8:07  Gateway  
  63  8:10  Gateway  
  63  8:12  Gateway  
  61  8:16  Stargate  
  59  8:38  Photon Cannon  
  59  8:40  Photon Cannon  
  59  8:41  Photon Cannon  
  59  8:43  Photon Cannon  
  59  8:44  Extended Thermal Lance  
  59  8:45  Photon Cannon  
  59  8:49  Photon Cannon  
  59  8:52  Stalker, Photon Cannon  
  59  8:54  Photon Cannon  
  61  9:07  Protoss Ground Weapons Level 2  
  61  9:23  Protoss Air Weapons Level 2  
  61  9:25  Phoenix x2  
  61  9:30  Anion Pulse-Crystals  
  65  9:33  Colossus  
  65  9:36  Stalker  
  73  9:40  Charge  
  73  9:56  Zealot  
  73  9:57  Zealot x3  
  73  9:58  Zealot x3  
  87  10:01  Zealot  
  87  10:04  Zealot  
  91  10:26  Nexus  
  90  10:52  Stalker  
  96  11:18  Phoenix x2  
  96  11:27  Colossus  
  102  11:38  Unknown  
  102  11:43  Phoenix x2  
  102  11:46  Stalker x4  
  114  11:47  Stalker x4  
  114  11:48  Stalker  
  62  12:34  Tempest x2  
  64  12:40  Stalker x4  
  64  12:41  Stalker x4  
  64  12:42  Stalker  
  82  12:53  Colossus  
  88  13:17  Tempest x2  
  98  13:20  Stalker  
  98  13:24  Stalker  
  102  13:33  Assimilator  
  100  13:37  Assimilator  
Show
View Real Time Build Order
Export as new Build Order

Stuke Protoss - Winner!

Build Orders: 1 Gate Expand, Oracle Opening 

Get SALT Encoding   

  12  0:05  Probe  
  13  0:17  Probe  
  13  0:20  Pylon  
  14  0:29  Probe  
  15  0:43  Gateway  
  15  0:46  Assimilator  
  15  0:47  Probe (Chrono Boost)  
  16  0:57  Probe (Chrono Boost)  
  17  1:02  Probe (Chrono Boost)  
  18  1:13  Probe  
  19  1:28  Nexus  
  19  1:37  Pylon  
  20  1:40  Probe  
  20  1:51  Pylon  
  20  2:12  Cybernetics Core  
  20  2:21  Gateway  
  20  2:23  Gateway  
  20  2:27  Probe  
  20  2:29  Assimilator  
  21  2:39  Probe  
  22  2:45  Probe  
  22  2:48  Stargate  
  23  2:51  Probe  
  23  2:53  Warp Gate (Chrono Boost)  
  23  2:57  Probe  
  25  3:02  Stalker  
  25  3:04  Probe  
  28  3:09  Probe  
  29  3:16  Pylon, Probe  
  30  3:29  Oracle (Chrono Boost), Probe x2  
  35  3:44  Stalker x2  
  39  3:49  Probe x2  
  41  3:56  Assimilator  
  41  4:01  Probe x2  
  43  4:09  Phoenix (Chrono Boost)  
  45  4:14  Probe (Chrono Boost)  
  47  4:19  Probe (Chrono Boost)  
  47  4:23  Robotics Facility  
  47  4:24  Probe (Chrono Boost)  
  48  4:28  Probe (Chrono Boost)  
  49  4:35  Probe  
  50  4:39  Phoenix  
  50  4:40  Probe  
  50  4:42  Pylon  
  50  4:43  Pylon  
  53  5:08  Shield Battery  
  53  5:12  Pylon  
  53  5:14  Sentry x2  
  57  5:27  Phoenix (Chrono Boost)  
  57  5:28  Assimilator  
  59  5:36  Probe x2  
  61  5:47  Phoenix (Chrono Boost), Observer  
  64  5:59  Probe x2  
  66  6:08  Robotics Bay  
  66  6:11  Pylon  
  66  6:12  Gateway  
  66  6:15  Gateway  
  66  6:16  Probe x2  
  66  6:18  Gateway  
  68  6:23  Gateway  
  68  6:26  Gateway  
  68  6:27  Stalker  
  68  6:29  Probe x2  
  72  6:33  Pylon  
  72  6:35  Pylon  
  72  6:36  Pylon, Observer  
  73  6:53  Probe x2  
  75  7:24  Probe x2  
  77  7:36  Probe x2  
  79  7:51  Stalker x2  
  79  7:52  Stalker x6  
  95  7:58  Colossus (Chrono Boost)  
  95  7:59  Nexus  
  95  8:02  Pylon  
  95  8:04  Pylon  
  101  8:09  Forge  
  101  8:10  Nexus  
  101  8:11  Forge  
  101  8:13  Pylon  
  101  8:15  Pylon  
  101  8:24  Pylon  
  101  8:27  Pylon  
  101  8:28  Probe x2  
  103  8:40  Stargate  
  103  8:42  Pylon x2  
  103  8:43  Stargate  
  103  8:55  Colossus (Chrono Boost)  
  103  8:59  Extended Thermal Lance (Chrono Boost)  
  103  9:01  Protoss Ground Weapons Level 1 (Chrono Boost)  
  103  9:02  Protoss Shields Level 1 (Chrono Boost)  
  109  9:05  Assimilator  
  109  9:10  Assimilator  
  109  9:12  Pylon  
  109  9:19  Protoss Air Weapons Level 1 (Chrono Boost)  
  109  9:26  Photon Cannon  
  109  9:28  Photon Cannon  
  109  9:29  Probe x2  
  109  9:30  Photon Cannon, Probe x2  
  113  9:36  Phoenix x3  
  119  9:41  Probe  
  119  9:42  Probe x3  
  123  9:46  Colossus (Chrono Boost)  
  129  10:06  Assimilator  
  129  10:10  Assimilator  
  129  10:13  Photon Cannon  
  129  10:15  Photon Cannon  
  129  10:18  Fleet Beacon  
  129  10:19  Photon Cannon  
  129  10:23  Photon Cannon, Cybernetics Core  
  129  10:39  Stalker x4  
  129  10:40  Stalker x3  
  143  10:50  Twilight Council  
  143  10:53  Pylon, Probe x4  
  147  11:01  Phoenix x2  
  151  11:05  Probe x4, Phoenix  
  157  11:18  Probe x2  
  157  11:19  Probe x2  
  161  11:29  Colossus (Chrono Boost)  
  161  11:30  Probe x2  
  161  11:31  Probe x2  
  165  11:37  Phoenix x3 (Chrono Boost)  
  177  11:40  Protoss Ground Weapons Level 2 (Chrono Boost)  
  177  11:49  Anion Pulse-Crystals (Chrono Boost)  
  177  11:52  Protoss Air Armor Level 1 (Chrono Boost)  
  177  11:55  Protoss Air Weapons Level 2 (Chrono Boost)  
  139  12:53  Stalker x6  
  139  12:54  Stalker x2, Colossus (Chrono Boost)  
  161  12:58  Phoenix x2 (Chrono Boost)  
  161  12:59  Phoenix (Chrono Boost)  
  167  13:09  Gateway x2  
  167  13:12  Gateway  
  167  13:13  Gateway  
  167  13:17  Gateway  
  167  13:19  Gateway  
  167  13:22  Gateway  
  167  13:24  Gateway  
  167  13:27  Protoss Shields Level 2 (Chrono Boost)  
  167  13:30  Gateway  
  167  13:41  Stalker x2  
  167  13:42  Stalker x6  
  171  15:11  Phoenix x3 (Chrono Boost)  
  171  15:16  Stalker x3  
  171  15:17  Stalker x10  
  171  15:18  Stalker  
  192  16:20  Stalker x4  
Show
View Real Time Build Order
Export as new Build Order

finessipov Terran - Winner!

Build Orders:  

Get SALT Encoding   

  12  0:01  SCV  
  13  0:13  SCV  
  14  0:23  Supply Depot  
  14  0:25  SCV  
  15  0:45  Barracks, SCV  
  16  0:50  Refinery  
  16  1:06  Refinery, SCV  
  17  1:18  SCV  
  18  1:30  SCV  
  19  1:34  Supply Depot  
  19  1:39  Marine  
  20  1:59  SCV  
  21  2:01  Command Center  
  21  2:11  SCV  
  21  2:13  Factory  
  22  2:30  SCV  
  23  2:39  Engineering Bay  
  23  2:55  Supply Depot  
  23  3:01  Starport  
  23  3:05  Factory Tech Lab  
  23  3:15  Missile Turret  
  23  3:18  Supply Depot  
  23  3:20  SCV  
  23  3:23  SCV  
  25  3:32  SCV  
  26  3:42  Supply Depot  
  26  3:49  Fusion Core, Siege Tank  
  26  3:53  Starport Tech Lab  
  29  3:56  SCV  
  29  3:58  SCV  
  31  4:05  Refinery  
  31  4:20  Orbital Command  
  31  4:22  Orbital Command  
  31  4:46  Command Center  
  31  5:05  Siege Tank  
  34  5:10  SCV  
  34  5:11  SCV  
  36  5:23  SCV  
  36  5:27  Starport  
  37  5:29  Starport  
  37  5:38  Battlecruiser  
  43  5:43  SCV x2  
  43  5:47  Refinery  
  45  5:55  SCV x2  
  47  6:02  SCV  
  48  6:07  SCV x2  
  48  6:08  Starport Tech Lab  
  48  6:09  Starport Tech Lab  
  50  6:14  SCV  
  51  6:19  SCV x2  
  53  6:26  SCV  
  53  6:31  SCV x2  
  56  6:33  Battlecruiser  
  62  6:41  Armory  
  62  6:45  Armory  
  62  6:58  SCV x3  
  65  7:08  Refinery  
  65  7:10  SCV x3  
  65  7:12  Battlecruiser, Refinery  
  74  7:22  SCV x2  
  76  7:23  SCV  
  83  7:37  Battlecruiser  
  83  7:48  Command Center  
  83  7:49  SCV  
  84  7:55  Command Center  
  84  7:57  SCV  
  85  8:19  Terran Vehicle And Ship Armor Level 1  
  85  8:20  Terran Ship Weapons Level 1, Supply Depot x3  
  85  8:21  Supply Depot x2  
  85  8:23  Supply Depot x3  
  85  8:42  Battlecruiser, SCV x3  
  85  8:44  Supply Depot  
  85  8:46  Battlecruiser  
  100  8:53  Weapon Refit  
  100  8:54  SCV x3  
  103  9:05  SCV  
  103  9:06  SCV x3  
  107  9:17  SCV x2  
  108  9:18  SCV x3  
  112  9:29  SCV x2  
  112  9:30  SCV x3  
  117  9:31  Refinery  
  117  9:35  Refinery  
  117  9:36  Refinery x2  
  117  9:38  Battlecruiser  
  123  9:41  SCV x2  
  123  9:42  SCV x3  
  128  9:51  Battlecruiser  
  128  9:52  Supply Depot x2  
  134  9:53  SCV  
  134  9:54  SCV x4  
  139  10:02  Battlecruiser  
  139  10:05  SCV  
  139  10:06  SCV x3  
  149  10:18  Supply Depot  
  149  10:24  SCV  
  149  10:25  SCV  
  151  10:32  Command Center  
  151  10:33  Terran Vehicle And Ship Armor Level 2  
  151  10:34  Terran Ship Weapons Level 2  
  151  10:42  Battlecruiser  
  157  10:56  Battlecruiser  
  163  11:06  Battlecruiser  
  163  11:11  SCV x5  
  174  11:23  SCV x2  
  176  11:46  Battlecruiser, Refinery  
  182  11:49  SCV  
  182  11:51  SCV x2  
  185  12:00  Battlecruiser  
  191  12:01  SCV  
  192  12:10  Battlecruiser  
  192  12:12  Refinery  
  192  12:13  SCV  
  199  12:57  SCV  
  182  14:21  Battlecruiser x3  
Show
View Real Time Build Order
Export as new Build Order

suhpreme Zerg - Winner!

Build Orders: Pool First, Brood Lord Corruptor 

Get SALT Encoding   

  12  0:02  Drone  
  13  0:10  Drone  
  14  0:18  Overlord  
  14  0:38  Spawning Pool  
  14  0:40  Drone  
  14  0:41  Drone  
  15  0:49  Drone  
  16  0:54  Drone  
  17  1:06  Extractor  
  16  1:12  Drone  
  16  1:13  Drone  
  18  1:25  Drone  
  19  1:37  Queen  
  19  1:38  Hatchery  
  20  1:44  Drone  
  21  1:49  Extractor  
  20  2:03  Drone  
  20  2:04  Overlord  
  20  2:08  Zergling x2  
  22  2:27  Zergling x2  
  22  2:28  Zergling x2  
  24  2:41  Drone  
  25  2:49  Drone  
  25  2:50  Lair  
  26  3:00  Drone  
  26  3:01  Drone x2  
  29  3:05  Drone  
  29  3:06  Drone  
  31  3:15  Extractor  
  30  3:25  Zergling x8, Extractor  
  33  3:29  Queen  
  33  3:32  Overlord  
  35  3:46  Spine Crawler  
  35  3:47  Drone x2  
  36  3:56  Drone  
  36  3:57  Drone  
  36  3:58  Drone  
  39  4:09  Drone  
  40  4:18  Drone x2  
  40  4:19  Drone  
  40  4:21  Drone  
  44  4:32  Overlord  
  44  4:33  Overlord x2  
  44  4:38  Overlord  
  44  4:40  Overlord  
  42  5:00  Zergling x6  
  42  5:01  Zergling x4  
  44  5:08  Spine Crawler  
  41  5:16  Metabolic Boost  
  41  5:18  Zergling x8  
  41  5:20  Zergling x4  
  47  5:31  Spire  
  46  5:42  Drone x3  
  49  5:43  Drone x2  
  51  5:58  Overlord x2  
  51  6:05  Drone x2  
  53  6:43  Mutalisk x4  
  53  6:44  Mutalisk x4  
  53  6:47  Zerg Flyer Weapons Level 1  
  69  6:58  Mutalisk x5  
  79  7:04  Mutalisk x2  
  79  7:06  Mutalisk  
  85  7:10  Mutalisk  
  87  7:48  Hatchery  
  86  7:53  Infestation Pit  
  77  8:28  Mutalisk  
  77  8:29  Mutalisk x5  
  89  8:54  Zerg Flyer Weapons Level 2  
  89  8:56  Mutalisk x4  
  97  9:14  Hive  
  97  9:30  Zergling x12  
  103  9:32  Drone x3  
  106  9:56  Extractor  
  106  9:57  Spine Crawler, Drone  
  106  9:58  Drone  
  106  9:59  Overlord x2  
  106  10:00  Overlord  
  106  10:10  Hatchery  
  105  10:28  Corruptor  
  105  10:30  Corruptor  
  105  10:31  Corruptor  
  105  10:32  Corruptor  
  113  10:40  Corruptor  
  109  11:19  Corruptor x2  
  109  11:21  Greater Spire  
  109  11:23  Viper  
  116  11:27  Drone  
  116  11:28  Extractor, Queen, Drone  
  116  11:29  Queen, Spine Crawler  
  116  11:30  Drone  
  121  11:34  Drone x3  
  121  11:35  Drone x3  
  127  11:40  Adrenal Glands  
  127  11:42  Zergling x2  
  127  11:45  Overlord x3  
  128  12:04  Spine Crawler  
  128  12:08  Drone x2  
  128  12:12  Drone x2  
  128  12:13  Drone  
  116  12:42  Corruptor x3  
  116  12:43  Corruptor x4  
  113  12:48  Brood Lord  
  113  12:49  Brood Lord  
  109  12:54  Drone x4  
  109  12:55  Drone  
  109  12:56  Extractor  
  113  12:59  Extractor  
  113  13:05  Drone x6  
  118  13:14  Corruptor x2  
  118  13:15  Zergling x4  
  124  13:33  Drone  
  125  13:51  Zergling x10  
  125  13:52  Zergling x8  
  134  13:58  Overseer  
  134  14:05  Corruptor  
  134  14:06  Corruptor x2  
  130  14:17  Brood Lord x2  
  130  14:18  Brood Lord x3  
  130  14:23  Mutalisk  
  130  14:24  Mutalisk x2  
  142  14:57  Overlord x2  
  142  14:58  Overlord  
  142  14:59  Corruptor  
  144  15:00  Zergling x8  
  144  15:01  Zergling x8  
  146  15:42  Brood Lord x5  
  156  15:43  Brood Lord  
  156  15:47  Corruptor  
  156  15:48  Corruptor x5  
  169  15:51  Zergling x2  
  170  16:05  Zergling x2  
Tags
 
Add a new tag
Caveats
  • Supply blocks, unpowered buildings, or Contaminate may cause inaccurate times.
  • Supply counts are checked every 10 seconds.